 Dungeon Crawl Stone Soup version 0.28-a0-863-g8cecda6153 (webtiles) character file.

Game seed: 17143480431318991499

78 ders the Digger (level 4, -5/24 HPs)
             Began as a Gargoyle Earth Elementalist on Nov 16, 2021.
             Slain by Grinder (7 damage)
             ... on level 3 of the Dungeon.
             The game lasted 00:03:13 (2497 turns).

ders the Digger (Gargoyle Earth Elementalist)       Turns: 2497, Time: 00:03:13

Health: -5/24      AC:  5    Str: 12    XL:     4   Next: 36%
Magic:  2/8        EV: 11    Int: 16    God:
Gold:   43         SH:  0    Dex: 10    Spells: 4/8 levels left

rFire   . . .      SeeInvis .   (no weapon)
rCold   . . .      Faith    .   (no shield)
rNeg    + . .      Spirit   .   b - +0 robe
rPois   ∞          Reflect  .   (no helmet)
rElec   +          Harm     .   (no cloak)
rCorr   .          Rampage  .   (no gloves)
Will    .....                   (no boots)
Stlth   ++........              (no amulet)
HPRegen 0.08/turn               (no ring)
MPRegen 0.11/turn               (no ring)

@: no status effects
A: sickness immunity, AC +3, negative energy resistance 1, electricity
resistance, torment resistance 1, petrification resistance
a: no special abilities


You were on level 3 of the Dungeon.
You visited 1 branch of the dungeon, and saw 3 of its levels.

You collected 43 gold pieces.

Inventory:

Missiles
 c - 19 stones
Armour
 b - a +0 robe (worn)
Jewellery
 k - a ring of wizardry
Scrolls
 a - 3 scrolls of amnesia {unknown}
 e - a scroll of fear {unknown}
 f - 2 scrolls of identify {unknown}
 j - a scroll of acquirement {unknown}
 m - a scroll of fog {unknown}
 n - a scroll of torment {unknown}
Potions
 d - a potion of lignification {unknown}
 g - a potion of heal wounds {unknown}
 h - a potion of haste {unknown}
 i - a potion of curing {unknown}
 l - a potion of mutation {unknown}


   Skills:
 - Level 1.5 Dodging
 - Level 2.1 Stealth
 + Level 2.7 Spellcasting
 * Level 1.8 Conjurations
 - Level 1.4 Transmutations
 + Level 4.4 Earth Magic


You had 4 spell levels left.
You knew the following spells:

 Your Spells              Type           Power      Damage    Failure   Level
a - Sandblast             Erth           32%        2d9       3%          1
b - Stone Arrow           Conj/Erth      24%        3d8       16%         3

Your spell library contained the following spells:

 Spells                   Type           Power      Damage    Failure   Level
 Passwall                 Tmut/Erth      9%         N/A       9%          2
 Ozocubu's Armour         Ice            2%         N/A       50%         3
 Petrify                  Tmut/Erth      11%        N/A       50%         4
 Olgreb's Toxic Radiance  Pois           2%         N/A       88%         4
 Malign Gateway           Summ/Tloc      1%         N/A       100%        7
 Ozocubu's Refrigeration  Ice            1%         4d5       100%        7
 Ignition                 Fire           1%         3d3       100%        8
 Summon Horrible Things   Summ           1%         N/A       100%        8


Dungeon Overview and Level Annotations

Branches:
Dungeon (3/15)

Altars:
Hepliaklqana

Annotations:
D:3 Grinder


Innate Abilities, Weirdness & Mutations

You are immune to sickness and miasma.
Your stone body is resilient. (AC +3)
You are immune to poison.
You resist negative energy. (rN+)
You are resistant to electric shocks. (rElec)
You are resistant to unholy torment.
You are immune to petrification.


Message History

The blast of sand hits Grinder!
Grinder is severely wounded.
Grinder hits you!
* * * LOW HITPOINT WARNING * * *
You writhe in agony.
* * * LOW HITPOINT WARNING * * *
Unknown command.
Casting: Sandblast (safe; 3% risk of failure)
Confirm with . or Enter, or press ? or * to list all spells.
Aiming: Sandblast (safe; 3% risk of failure)
Press: ? - help, Shift-Dir - straight line, f/p - Grinder
Aim: Grinder (severely wounded, 77% to hit)
The blast of sand hits Grinder.
Grinder is almost dead.
Grinder gestures at you.
You suddenly lose the ability to move!
Grinder barely misses you.
Grinder says, "Mostly I couldn't keep them alive."
Grinder gestures at you. You resist with significant effort.
You can move again.
Unknown command.
Casting: Sandblast (safe; 3% risk of failure)
Confirm with . or Enter, or press ? or * to list all spells.
Aiming: Sandblast (safe; 3% risk of failure)
Press: ? - help, Shift-Dir - straight line, f/p - Grinder
Aim: Grinder (almost dead, 77% to hit)
The blast of sand misses Grinder.
Grinder gestures at you. You resist with significant effort.
Unknown command.
Casting: Sandblast (safe; 3% risk of failure)
Confirm with . or Enter, or press ? or * to list all spells.
Aiming: Sandblast (safe; 3% risk of failure)
Press: ? - help, Shift-Dir - straight line, f/p - Grinder
Aim: Grinder (almost dead, 77% to hit)
The blast of sand hits Grinder.
Grinder is almost dead.
Grinder hits you!
You die...

#######.##.#.#.......# #.
#..#.#.#.####.## #.
##)#.#.#.####.# #.
#.#.#........# #.
#...##..#....############)
###+#+##..##..#.##..............
..........##..#.........########
........#.##..#5................
.[......#..#..#@#######.#######.
........#....................##.
........##....#.##..###.####.##.
........###...#.##.<..........#.
.....[..# #...#.#######.#######.
........###...#.......#.# #.
....................#.#.# #.
.............>......#.#.#######.
....................#...........


You could see Grinder.

Vanquished Creatures
  2 adders (D:2)
  An adder skeleton (D:2)
  An adder zombie (D:2)
  3 dart slugs
  An orc (D:3)
  5 ball pythons
  A bat zombie (D:2)
  2 endoplasms
  4 giant cockroaches
  2 goblins
  6 hobgoblins
  4 kobolds
  A ball python skeleton (D:2)
  A ball python zombie (D:2)
  5 bats
  2 frilled lizards
  A giant cockroach zombie (D:2)
  A quokka zombie (D:2)
  5 rats
48 creatures vanquished.

Vanquished Creatures (others)
  2 withered plants (D:2)
2 creatures vanquished.

Grand Total: 50 creatures vanquished

Notes
Turn   | Place    | Note
-------+----------+-------------------------------------------
     0 | D:1      | ders the Gargoyle Earth Elementalist began the quest for
                  | the Orb.
     0 | D:1      | Reached XP level 1. HP: 10/10 MP: 3/3
    59 | D:1      | Found a faded altar of an unknown god.
   131 | D:1      | Reached skill level 1 in Transmutations
   173 | D:1      | Reached XP level 2. HP: 12/15 MP: 0/5
   348 | D:1      | Reached skill level 4 in Earth Magic
   686 | D:1      | Reached XP level 3. HP: 19/19 MP: 3/6
   690 | D:1      | Learned a level 3 spell: Stone Arrow
  1161 | D:2      | Found a hazy altar of Hepliaklqana.
  1397 | D:2      | Reached skill level 1 in Conjurations
  1585 | D:2      | Reached XP level 4. HP: 24/24 MP: 4/8
  2275 | D:3      | Noticed Grinder
  2492 | D:3      | HP: 1/24 [Grinder (3)]
  2493 | D:3      | Paralysed by Grinder for 3 turns
  2497 | D:3      | Slain by Grinder

Illustrated notes

Levels and vault maps discovered:
D:1:      wheals_arrival_linesprint, layout_rooms, ebering_ecumenical_altar_box
D:2:      layout_loops_ring, serial_undead, serial_undead_f, serial_undead_b,
          serial_undead_c, serial_undead_d, serial_undead_e, serial_undead_a,
          serial_undead_d, basic_altar, kennysheep_nub
D:3:      layout_basic, ashenzari_conservatory_becter, gammafunk_ghost_cemetery,
          minmay_ruptured, uniq_grinder

Skill      XL: |  1  2  3 |
---------------+----------+-----
Transmutations | 1 |  1.4
Earth Magic    | 4 |  4.4
Conjurations   | 1 |  1.8
Dodging        | |  1.5
Stealth        | |  2.1
Spellcasting   | |  2.7

Action                   |  1- 3 |  4- 6 || total
-------------------------+-------+-------++-------
Melee: Unarmed           |     5 |       ||     5
 Cast: Sandblast         |    55 |    33 ||    88
Armor: Robe              |    25 |     1 ||    26
Dodge: Dodged            |    39 |     6 ||    45

Table legend: (Time is in decaauts)
 A = Elapsed time spent in this place.
 B = Non-inter-level travel time spent in this place.
 C = Inter-level travel time spent in this place.
 D = Time resting spent in this place.
 E = Time spent auto-exploring this place.
 F = Levels seen in this place.
 G = Mean time per level.
                   A        B        C        D        E       F      G
               +--------+--------+--------+--------+--------+-----+--------+
         Total |   2498 |   2441 |     57 |    661 |   1354 |   3 |  832.7 |
       Dungeon |   2498 |   2441 |     57 |    661 |   1354 |   3 |  832.7 |
               +--------+--------+--------+--------+--------+-----+--------+

Top non-repeatable levels by time:
     D:2: 1117 daAuts
     D:1: 1070 daAuts
     D:3: 310 daAuts
